TOP OF THE 1ST |
---|
Atlantic City War Dogs batting - Pitching for Punta Cana Hutias : RHP Brian Lovelace | Pitching: RHP Brian Lovelace | | Batting: LHB Chris Martin | 0-0: Called Strike 0-1: Ball 1-1: Foul Ball, location: 2F 1-2: Strikes out looking | Batting: RHB Roberto Díaz | 0-0: Fly out, F7 (Line Drive, 78M) | Batting: RHB David Gallardo | 0-0: Called Strike 0-1: Ball 1-1: SINGLE (Line Drive, 56D) | Batting: LHB Tomás Mata | 0-0: Ball 1-0: Foul Ball, location: 2F 1-1: Ball 2-1: Ball 3-1: Called Strike 3-2: Fly out, F7 (Flyball, 7) | Top of the 1st over - 0 runs, 1 hit, 0 errors, 1 left on base; Atlantic City 0 - Punta Cana 0 | BOTTOM OF THE 1ST |
---|
Punta Cana Hutias batting - Pitching for Atlantic City War Dogs : LHP Juan Ortíz | Pitching: LHP Juan Ortíz | | Batting: LHB Dave Watkins | 0-0: Called Strike 0-1: Ball 1-1: Swinging Strike 1-2: Foul Ball, location: 2F 1-2: Ball 2-2: Foul Ball, location: 2F 2-2: Ball 3-2: Foul Ball, location: 2F 3-2: Strikes out swinging | Batting: LHB Tony Ríos | 0-0: Ball 1-0: Called Strike 1-1: Ball 2-1: SINGLE (Groundball, 34D) | Batting: RHB Mike Martínez | 0-0: Called Strike 0-1: Swinging Strike 0-2: Strikes out swinging | Batting: RHB Alfonso Huerta | 0-0: Called Strike 0-1: Swinging Strike 0-2: Ball 1-2: Ball 2-2: Ball 3-2: Ground out 6-3 (Groundball, 6) | Bottom of the 1st over - 0 runs, 1 hit, 0 errors, 1 left on base; Atlantic City 0 - Punta Cana 0 | TOP OF THE 2ND |
---|
Atlantic City War Dogs batting - Pitching for Punta Cana Hutias : RHP Brian Lovelace | Batting: RHB José Corral | 0-0: Ball 1-0: Ground out 6-3 (Groundball, 6) | Batting: SHB Luis Días | 0-0: Ball 1-0: Called Strike 1-1: Ball 2-1: Foul Ball, location: 2F 2-2: Ground out 4-3 (Groundball, 4S) | Batting: RHB Mike Clark | 0-0: Ball 1-0: Ball 2-0: Called Strike 2-1: Ground out 5-3 (Groundball, 56) | Top of the 2nd over - 0 runs, 0 hits, 0 errors, 0 left on base; Atlantic City 0 - Punta Cana 0 | BOTTOM OF THE 2ND |
---|
Punta Cana Hutias batting - Pitching for Atlantic City War Dogs : LHP Juan Ortíz | Batting: LHB Luis García | 0-0: Swinging Strike 0-1: Ball 1-1: Swinging Strike 1-2: Strikes out swinging | Batting: RHB Miguel Gutiérrez | 0-0: Ball 1-0: Called Strike 1-1: Ball 2-1: Foul Ball, location: 2F 2-2: Foul Ball, location: 2F 2-2: Strikes out swinging | Batting: LHB Harry Davis | 0-0: Swinging Strike 0-1: Ball 1-1: Foul Ball, location: 2F 1-2: Ball 2-2: Ball 3-2: Base on Balls | Batting: RHB Alfredo Bernard | 0-0: Ball 1-0: Swinging Strike 1-1: Foul Ball, location: 2F 1-2: Foul Ball, location: 2F 1-2: Ball 2-2: SINGLE (Flyball, 89S) Harry Davis to second Runner from 2nd tries for 3rd, SAFE, no throw | Batting: LHB Don MacNeill | 0-0: Ball 1-0: Called Strike 1-1: Called Strike 1-2: Foul Ball, location: 2F 1-2: Foul Ball, location: 2F 1-2: Foul Ball, location: 2F 1-2: Strikes out looking | Bottom of the 2nd over - 0 runs, 1 hit, 0 errors, 2 left on base; Atlantic City 0 - Punta Cana 0 | TOP OF THE 3RD |
---|
Atlantic City War Dogs batting - Pitching for Punta Cana Hutias : RHP Brian Lovelace | Batting: RHB Roberto García | 0-0: SINGLE (Groundball, 6MD) | Batting: RHB Jesús León | 0-0: Ball 1-0: Swinging Strike 1-1: Ball 2-1: Ball 3-1: Foul Ball, location: 2F 3-2: Foul Ball, location: 2F 3-2: Strikes out swinging | Batting: LHB Chris Martin | 0-0: Grounds into double play, 4-6-3 (Groundball, 4D) | Top of the 3rd over - 0 runs, 1 hit, 0 errors, 0 left on base; Atlantic City 0 - Punta Cana 0 | BOTTOM OF THE 3RD |
---|
Punta Cana Hutias batting - Pitching for Atlantic City War Dogs : LHP Juan Ortíz | Batting: LHB Dave Watkins | 0-0: Ball 1-0: Called Strike 1-1: Called Strike 1-2: Foul Ball, location: 2F 1-2: Strikes out swinging | Batting: LHB Tony Ríos | 0-0: Foul Ball, location: 2F 0-1: Foul Ball, location: 2F 0-2: Strikes out swinging | Batting: RHB Mike Martínez | 0-0: Ball 1-0: Called Strike 1-1: Called Strike 1-2: Strikes out swinging | Bottom of the 3rd over - 0 runs, 0 hits, 0 errors, 0 left on base; Atlantic City 0 - Punta Cana 0 | TOP OF THE 4TH |
---|
Atlantic City War Dogs batting - Pitching for Punta Cana Hutias : RHP Brian Lovelace | Batting: RHB Roberto Díaz | 0-0: Foul Ball, location: 2F 0-1: Ground out 6-3 (Groundball, 56) | Batting: RHB David Gallardo | 0-0: Called Strike 0-1: Swinging Strike 0-2: Ball 1-2: Fly out, F7 (Flyball, 78D) | Batting: LHB Tomás Mata | 0-0: Ball 1-0: Foul Ball, location: 2F 1-1: Swinging Strike 1-2: Ball 2-2: Fly out, F7 (Line Drive, 7) | Top of the 4th over - 0 runs, 0 hits, 0 errors, 0 left on base; Atlantic City 0 - Punta Cana 0 | BOTTOM OF THE 4TH |
---|
Punta Cana Hutias batting - Pitching for Atlantic City War Dogs : LHP Juan Ortíz | Batting: RHB Alfonso Huerta | 0-0: Ball 1-0: SINGLE (Flyball, 9LM) | Batting: LHB Luis García | Pickoff Throw to First - Out! 0-0: Ball 1-0: Foul Ball, location: 2F 1-1: Called Strike 1-2: Foul Ball, location: 2F 1-2: Foul Ball, location: 2F 1-2: Ball 2-2: Ball 3-2: Fly out, F3 (Popup, 3) | Batting: RHB Miguel Gutiérrez | 0-0: Called Strike 0-1: Foul Ball, location: 2F 0-2: Ball 1-2: Foul Ball, location: 2F 1-2: Strikes out swinging | Bottom of the 4th over - 0 runs, 1 hit, 0 errors, 0 left on base; Atlantic City 0 - Punta Cana 0 | TOP OF THE 5TH |
---|
Atlantic City War Dogs batting - Pitching for Punta Cana Hutias : RHP Brian Lovelace | Batting: RHB José Corral | 0-0: Ground out 1-3 (Groundball, 15S) | Batting: SHB Luis Días | 0-0: Ball 1-0: Ball 2-0: Called Strike 2-1: Foul Ball, location: 2F 2-2: Foul Ball, location: 2F 2-2: Foul Ball, location: 2F 2-2: Foul Ball, location: 2F 2-2: Ground out 5-3 (Groundball, 56) | Batting: RHB Mike Clark | 0-0: Ball 1-0: Swinging Strike 1-1: Ball 2-1: Foul Ball, location: 2F 2-2: Ball 3-2: Fly out, F7 (Flyball, 7S) | Top of the 5th over - 0 runs, 0 hits, 0 errors, 0 left on base; Atlantic City 0 - Punta Cana 0 | BOTTOM OF THE 5TH |
---|
Punta Cana Hutias batting - Pitching for Atlantic City War Dogs : LHP Juan Ortíz | Batting: LHB Harry Davis | 0-0: Ball 1-0: Ground out U3 (Groundball, 3) | Batting: RHB Alfredo Bernard | 0-0: Swinging Strike 0-1: Called Strike 0-2: Strikes out swinging | Batting: LHB Don MacNeill | 0-0: Ball 1-0: Called Strike 1-1: Foul Ball, location: 2F 1-2: SINGLE (Line Drive, 8LS) | Batting: LHB Dave Watkins | 0-0: Ball 1-0: Foul Ball, location: 2F 1-1: Ball 2-1: Foul Ball, location: 2F 2-2: Foul Ball, location: 2F 2-2: Foul Ball, location: 2F 2-2: Foul Ball, location: 2F 2-2: 2-RUN HOME RUN (Flyball, 9LD), Distance : 347 ft | Batting: LHB Tony Ríos | 0-0: Called Strike 0-1: Fly out, F1 (Line Drive, 13) | Bottom of the 5th over - 2 runs, 2 hits, 0 errors, 0 left on base; Atlantic City 0 - Punta Cana 2 | TOP OF THE 6TH |
---|
Atlantic City War Dogs batting - Pitching for Punta Cana Hutias : RHP Brian Lovelace | Batting: RHB Roberto García | 0-0: Called Strike 0-1: Ball 1-1: Foul Ball, location: 2F 1-2: Ball 2-2: Strikes out looking | Batting: RHB Jesús León | 0-0: Ball 1-0: Fly out, F7 (Line Drive, 78S) | Batting: LHB Chris Martin | 0-0: Ball 1-0: Ball 2-0: Ground out 4-3 (Groundball, 4) | Top of the 6th over - 0 runs, 0 hits, 0 errors, 0 left on base; Atlantic City 0 - Punta Cana 2 | BOTTOM OF THE 6TH |
---|
Punta Cana Hutias batting - Pitching for Atlantic City War Dogs : LHP Juan Ortíz | Pitching: RHP Adrián Vásquez | | Batting: RHB Mike Martínez | 0-0: Ball 1-0: Called Strike 1-1: Ball 2-1: Fly out, F2 (Popup, 23F) | Batting: RHB Alfonso Huerta | 0-0: Called Strike 0-1: Ball 1-1: Ball 2-1: Ball 3-1: Fly out, F8 (Flyball, 8RD) | Batting: LHB Luis García | 0-0: Foul Ball, location: 2F 0-1: Swinging Strike 0-2: Ball 1-2: Ground out U3 (Groundball, 3) | Bottom of the 6th over - 0 runs, 0 hits, 0 errors, 0 left on base; Atlantic City 0 - Punta Cana 2 | TOP OF THE 7TH |
---|
Atlantic City War Dogs batting - Pitching for Punta Cana Hutias : RHP Brian Lovelace | Batting: RHB Roberto Díaz | 0-0: Ball 1-0: Fly out, F6 (Flyball, 56D) | Batting: RHB David Gallardo | 0-0: Ball 1-0: SINGLE (Groundball, 5D) | Batting: LHB Tomás Mata | 0-0: Foul Ball, location: 2F 0-1: Called Strike 0-2: Ball 1-2: Foul Ball, location: 2F 1-2: Reached on error, E4 (Line Drive, 34) David Gallardo to second | Pinch Hitting: SHB Ed Nelson | 0-0: Ball 1-0: Foul Ball, location: 2F 1-1: Ball 2-1: Foul Ball, location: 2F 2-2: Ball 3-2: Grounds into double play, 5-4-3 (Groundball, 5) | Top of the 7th over - 0 runs, 1 hit, 1 error, 1 left on base; Atlantic City 0 - Punta Cana 2 | BOTTOM OF THE 7TH |
---|
Punta Cana Hutias batting - Pitching for Atlantic City War Dogs : RHP Adrián Vásquez | Now at 1B: Ed Nelson | | Batting: RHB Miguel Gutiérrez | 0-0: Ball 1-0: Ball 2-0: Ground out 5-3 (Groundball, 5S) | Batting: LHB Harry Davis | 0-0: Ball 1-0: Called Strike 1-1: Ball 2-1: Fly out, F9 (Line Drive, 89M) | Batting: RHB Alfredo Bernard | 0-0: Ball 1-0: Ball 2-0: Called Strike 2-1: Foul Ball, location: 2F 2-2: Foul Ball, location: 2F 2-2: SINGLE (Flyball, 8RS) | Batting: LHB Don MacNeill | 0-0: Ball 1-0: Called Strike 1-1: Called Strike 1-2: SINGLE (Flyball, 8RM) Alfredo Bernard to second Runner from 2nd tries for 3rd, SAFE, no throw | Batting: LHB Dave Watkins | 0-0: Ball 1-0: Swinging Strike 1-1: Foul Ball, location: 2F 1-2: Strikes out swinging | Bottom of the 7th over - 0 runs, 2 hits, 0 errors, 2 left on base; Atlantic City 0 - Punta Cana 2 | TOP OF THE 8TH |
---|
Atlantic City War Dogs batting - Pitching for Punta Cana Hutias : RHP Brian Lovelace | Batting: SHB Luis Días | 0-0: Called Strike 0-1: Ball 1-1: Foul Ball, location: 2F 1-2: Foul Ball, location: 2F 1-2: Ball 2-2: Strikes out swinging | Batting: RHB Mike Clark | 0-0: Swinging Strike 0-1: Foul Ball, location: 2F 0-2: Ball 1-2: Strikes out looking | Batting: RHB Roberto García | 0-0: Called Strike 0-1: Called Strike 0-2: Ball 1-2: Strikes out swinging | Top of the 8th over - 0 runs, 0 hits, 0 errors, 0 left on base; Atlantic City 0 - Punta Cana 2 | BOTTOM OF THE 8TH |
---|
Punta Cana Hutias batting - Pitching for Atlantic City War Dogs : RHP Adrián Vásquez | Batting: LHB Tony Ríos | 0-0: Called Strike 0-1: Called Strike 0-2: SINGLE (Flyball, 8LS) | Batting: RHB Mike Martínez | 0-0: Grounds into double play, 6-4-3 (Groundball, 6) | Batting: RHB Alfonso Huerta | 0-0: Swinging Strike 0-1: Ball 1-1: Foul Ball, location: 2F 1-2: Strikes out swinging | Bottom of the 8th over - 0 runs, 1 hit, 0 errors, 0 left on base; Atlantic City 0 - Punta Cana 2 | TOP OF THE 9TH |
---|
Atlantic City War Dogs batting - Pitching for Punta Cana Hutias : RHP Brian Lovelace | Now at C: Juan Alaniz | | Batting: RHB Jesús León | 0-0: Called Strike 0-1: Ball 1-1: Swinging Strike 1-2: Foul Ball, location: 2F 1-2: Strikes out swinging | Pitching: RHP Andrew Shannon | | Batting: LHB Chris Martin | 0-0: Called Strike 0-1: Ball 1-1: Fly out, F6 (Line Drive, 56D) | Batting: RHB Roberto Díaz | 0-0: Called Strike 0-1: Ball 1-1: Ground out 5-3 (Groundball, 56) | Top of the 9th over - 0 runs, 0 hits, 0 errors, 0 left on base; Atlantic City 0 - Punta Cana 2 | |